 Dungeon Crawl Stone Soup version 0.22-a0-266-g5fdf0d7 (webtiles) character file.

86 tsouns the Bolt Thrower (level 4, -1/28 HPs)
             Began as a Kobold Hunter on Mar 8, 2018.
             Slain by an orc priest
             ... wielding a +0 mace
              (9 damage)
             ... on level 2 of the Dungeon.
             The game lasted 00:05:19 (2062 turns).

tsouns the Bolt Thrower (Kobold Hunter)             Turns: 2062, Time: 00:05:19

Health: -1/28      AC:  4    Str: 14    XL:     4   Next: 78%
Magic:  4/4        EV: 15    Int: 12    God:
Gold:   144        SH:  0    Dex: 15    Spells: 3/3 levels left

rFire    . . .     SeeInvis .   b - +0 short sword
rCold    . . .     Gourm    .   (shield restricted)
rNeg     . . .     Faith    .   c - +0 leather armour
rPois    .         Spirit   .   (no helmet)
rElec    .         Reflect  .   (no cloak)
rCorr    .         Harm     .   e - +0 pair of gloves
MR       +....                  (no boots)
Stlth    ++........             (no amulet)
HPRegen  0.09/turn              m - +4 ring of strength
MPRegen  0.09/turn              q - ring of protection from magic

@: no status effects
A: small, carnivore
a: no special abilities


You were on level 2 of the Dungeon.
You were completely stuffed.

You visited 1 branch of the dungeon, and saw 3 of its levels.

You collected 144 gold pieces.

Inventory:

Hand Weapons
 a - a +1 hand crossbow
 b - a +0 short sword (weapon)
Missiles
 d - 17 bolts
 g - 74 stones (quivered)
 h - 35 arrows
Armour
 c - a +0 leather armour (worn)
 e - a +0 pair of gloves (worn)
 j - a +0 ring mail
Jewellery
 m - a +4 ring of strength (left hand)
 q - a ring of protection from magic (right hand)
Scrolls
 k - a scroll of immolation
 l - a scroll of identify
 p - 3 scrolls of teleportation
Comestibles
 f - 9 rations
 o - 2 chunks of flesh


   Skills:
 + Level 3.1 Fighting
 + Level 2.4 Short Blades
 + Level 5.4 Crossbows
 - Level 2.4 Dodging
 + Level 3.1 Stealth


You had 3 spell levels left.
You didn't know any spells.

Dungeon Overview and Level Annotations

Branches:
Dungeon (3/15)

Altars:


Innate Abilities, Weirdness & Mutations

You are small and have problems with some larger weapons.
You are carnivorous and can eat meat at any time.


Message History

Okay, then.
You hit the orc priest.
The orc priest is moderately wounded.
The orc priest barely misses you. The hobgoblin closely misses you.
You hit the orc priest but do no damage.
The orc priest is moderately wounded.
The orc hits you with a whip. The orc priest hits you with a mace.
The hobgoblin closely misses you.
You hit the orc priest.
The orc priest is heavily wounded.
The orc hits you with a whip.
The hobgoblin hits you but does no damage.
The orc priest mumbles some strange prayers to Beogh against you.
Beogh smites you!
Ouch! That really hurt!
* * * LOW HITPOINT WARNING * * *
You feel better. The orc hits you with a whip.
* * * LOW HITPOINT WARNING * * *
The orc priest hits you with a mace!
You die...

#......................##
####..<..>.....##..........#
.....#.........##..........#
.....##.........#..........#
......#.###................#
........#
##...............###
.......##
#.#...............# .......#
#.................# ......##
##..o@............# ......#
##[>go...........# ......#
#.....#.........# ......#
#######.........# ......#
########### ......# .....##
....## #####


You could see an orc priest, an orc and a hobgoblin.

Vanquished Creatures
  2 adders (D:2)
  An ooze (D:2)
  A worm (D:2)
  3 dart slugs
  4 leopard geckos
  3 orcs
  2 giant cockroaches (D:1)
  2 goblins
  5 hobgoblins
  2 quokkas (D:3)
  2 ball pythons
  10 bats
  3 frilled lizards
  5 kobolds
  5 rats
50 creatures vanquished.

Notes
Turn   | Place    | Note
-------+----------+-------------------------------------------
     0 | D:1      | tsouns the Kobold Hunter began the quest for the Orb.
     0 | D:1      | Reached XP level 1. HP: 12/12 MP: 1/1
    15 | D:1      | Noticed a bullfrog
   121 | D:1      | Reached XP level 2. HP: 7/18 MP: 2/2
   335 | D:1      | Reached skill level 1 in Short Blades
   354 | D:1      | Reached skill level 5 in Crossbows
   793 | D:1      | Reached XP level 3. HP: 19/22 MP: 3/3
  1075 | D:2      | Reached XP level 4. HP: 11/27 MP: 4/4
  2033 | D:3      | Noticed a two-headed ogre
  2062 | D:2      | Slain by an orc priest

Vault maps used:
D:1:      evilmike_arrival_come_back
D:3:      elyvilon_altar_1

Skill      XL: |  1  2  3  4 |
---------------+-------------+-----
Short Blades   | 1 2 |  2.4
Crossbows      | 5 |  5.4
Stealth        | 2 3 |  3.1
Fighting       | 3 |  3.1
Dodging        | |  2.4

Action                   |  1- 3 |  4- 6 || total
-------------------------+-------+-------++-------
Melee: Short sword       |   148 |    67 ||   215
 Fire: Hand crossbow     |       |     9 ||     9
  Use: Scroll            |     4 |     2 ||     6
       Potion            |     1 |     1 ||     2
 Stab: Sleeping          |     1 |       ||     1
  Eat: Chunk             |     9 |     3 ||    12
Armor: Leather armour    |    31 |     2 ||    33
       Skin              |    23 |       ||    23
       Ring mail         |       |    20 ||    20
Dodge: Dodged            |   116 |    60 ||   176

Table legend:
 A = Spawn XP
 B = Non-spawn XP
 C = Spawn XP percentage of total XP
 D = Spawn monster count
 E = Non-spawn monster count
 F = Spawn count percentage of total count
 G = Total turns spent on level
                    A         B        C        D         E        F      G
               +---------+---------+-------+---------+---------+-------+---------
         Total |       0 |     124 |   0.0 |       0 |      50 |   0.0 |  2062
               +---------+---------+-------+---------+---------+-------+---------
           D:1 |       0 |      32 |   0.0 |       0 |      19 |   0.0 |   918
           D:2 |       0 |      74 |   0.0 |       0 |      21 |   0.0 |   872
           D:3 |       0 |      18 |   0.0 |       0 |      10 |   0.0 |   272
               +---------+---------+-------+---------+---------+-------+---------
